[Event "Metz op 31th"]
[Site "Metz"]
[Date "2013.04.23"]
[Round "5"]
[White "Migot, Tangi"]
[Black "Riff, Jean Noel"]
[Result "1-0"]
[ECO "E33"]
[WhiteElo "2311"]
[BlackElo "2467"]
[Annotator "Metz Alekhine/Primel,D"]
[PlyCount "59"]
[EventDate "2013.04.20"]
[EventType "swiss"]
[EventRounds "9"]
[EventCountry "FRA"]
[SourceTitle "EXT 2016"]
[Source "ChessBase"]
[SourceDate "2015.10.08"]
[SourceVersion "1"]
[SourceVersionDate "2015.10.08"]
[SourceQuality "1"]
[TimeControl "40/5400:1800+30"]
[WhiteClock "1:30:00"]
[BlackClock "1:30:00"]

1. d4 Nf6 2. c4 e6 3. Nc3 Bb4 4. Qc2 Nc6 {[%cal Gd7d6,Ge6e5] La variante de
Zurich} 5. Nf3 d6 6. Bd2 {[%cal Gd2c3,Ga2a3] Un coup un peu paradoxal après
avoir joué Qc2 mais les Blancs préfèrent garder le contrôle de la case "e4"
} Qe7 (6... O-O {Bareev,E (2714)-Timman,J (2578) Corus Wijk aan Zee 2004 (9)
0-1}) 7. a3 Bxc3 8. Bxc3 O-O 9. g3 (9. b4) (9. e3) 9... e5 {La poussée
thématique} 10. d5 {68} (10. dxe5 $6 dxe5 11. Bg2 Rd8 $11 {Gurevich,D (2545)
-Benjamin,J (2620) New York op 1994 (6) 1/2-1/2}) 10... Nb8 {88} (10... e4 11.
Ng5 Ne5 12. Nxe4 Nxe4 13. Qxe4 f5 14. Qe3 f4 15. gxf4 Rxf4 16. O-O-O Qf7 17.
Rg1 Rxf2 18. Bxe5 dxe5 19. Qxe5 Bd7 20. Qd4 g6 21. e4 Qf4+ 22. Kb1 Re8 23. Bd3
Rxh2 24. c5 Qe5 25. Qb4 b6 26. c6 Bc8 27. Bc2 Kg7 {1/2-1/2 (27) Malakhov,V 
(2706)-Ponomariov,R (2739) Khanty-Mansiysk 2009}) 11. Bg2 (11. Nh4 $5) 11... a5
12. b4 (12. b3 $142 c6 13. Nd2 {Gordon,S (2521)-Meszaros,G (2255) GBR-ch 100th
2013 (11) 1-0}) 12... axb4 13. axb4 Rxa1+ 14. Bxa1 b5 $146 (14... c6 15. e4
cxd5 16. exd5 b5 17. O-O bxc4 18. Nd2 Ba6 19. Bc3 Bb7 20. Nxc4 Bxd5 21. Bxd5
Nxd5 22. Rd1 Qe6 23. Ba1 Nd7 24. Qd3 N7f6 25. b5 Qh3 26. Qf1 Qd7 27. b6 Rb8 28.
Bb2 Nxb6 29. Bxe5 Nxc4 30. Qxc4 Ne8 31. Qd3 Rd8 32. Bd4 h6 33. Ra1 Rc8 34. Be3
Nf6 35. Ra6 Qh3 36. Rxd6 Ng4 37. Rd8+ Rxd8 38. Qxd8+ Kh7 39. Qd3+ g6 40. Qb3
Qxh2+ 41. Kf1 Nxe3+ 42. Qxe3 Qh1+ 43. Ke2 Qd5 44. Kf1 {Fodor,T (2269)
-Prohaszka,P (2265) Budapest 2005 1/2-1/2 (81)}) 15. O-O {63} Nbd7 {87
Continuant de blitzer l'ouverture} (15... bxc4 $142 16. Qxc4 Nbd7 17. e4 Nb6
18. Qd3 Bd7 19. Rc1) 16. cxb5 Nb6 17. e4 Bg4 18. h3 (18. Nd2 $5 Be2 19. Rc1
Bxb5 20. Qxc7 $16) 18... Bxf3 19. Bxf3 Ra8 {Les compensations des Noirs sont
insuffisantes} 20. Kg2 Ra7 {78} 21. Bb2 Qe8 22.
Ra1 $1 Rxa1 23. Bxa1 Qb8 24. Bb2 Kf8 25. Be2 Ke7 {60} 26. f4
$1 Nbd7 27. fxe5 Nxe5 28. Bxe5 dxe5 29. Qc5+ Kd7 $4 (29... Ke8 $8) 30. b6 1-0

[Event "Cappelle op 32nd"]
[Site "Cappelle la Grande"]
[Date "2016.02.18"]
[Round "7"]
[White "Jussupow, Artur"]
[Black "Bauer, Christian"]
[Result "1/2-1/2"]
[ECO "E33"]
[WhiteElo "2578"]
[BlackElo "2631"]
[Annotator "Primel,D"]
[PlyCount "40"]
[EventDate "2016.02.13"]
[EventType "swiss"]
[EventRounds "9"]
[EventCountry "FRA"]
[SourceTitle "EXT 2017"]
[Source "ChessBase"]
[SourceDate "2016.10.25"]
[SourceVersion "1"]
[SourceVersionDate "2016.10.25"]
[SourceQuality "1"]
[TimeControl "40/5400+30:1800+30"]
[WhiteClock "1:30:00"]
[BlackClock "1:30:00"]

1. d4 Nf6 2. c4 Nc6 3. Nf3 e6 4. Nc3 Bb4 5. Qc2 d6 6. Bd2 O-O 7. a3 Bxc3 8.
Bxc3 Qe7 9. g3 (9. e3 e5 10. d5 Nb8 11. Nd2 a5 12. b3 Nbd7 13. Be2 b5 14. e4
bxc4 15. Nxc4 Nc5 16. Nd2 Ba6 17. Bxa6 Rxa6 18. b4 axb4 19. axb4 Rxa1+ 20. Bxa1
Na6 21. O-O Ra8 22. Bc3 Nb8 23. Nc4 Qd7 24. Bd2 Qa4 25. Qxa4 Rxa4 26. f3 Kf8
27. Kf2 Ke7 28. Na5 Na6 29. Nc6+ Ke8 30. Ke2 Nd7 31. Rc1 f6 32. Kd3 Nb6 33. Kc3
Ra2 34. Rd1 Ra3+ 35. Kc2 Kd7 36. Bc1 Ra2+ 37. Kb3 Rxg2 38. Be3 Re2 {Wojtaszek,
R (2727)-Tregubov,P (2582) Gibraltar 2016 1-0 (61)}) 9... a5 10. b3 e5 11. dxe5
dxe5 12. Bg2 e4 $146 (12... Bg4 13. O-O Rfe8 14. Rfd1 Qc5 15. Qb2 Ne4 16. Be1
Qe7 17. b4 axb4 18. axb4 Rxa1 19. Rxa1 Nd6 20. b5 Bxf3 21. exf3 Nd4 22. Rc1 Qe6
23. f4 Nxc4 24. Qa2 exf4 25. Bf1 Nf3+ 26. Kh1 Qh6 27. h3 fxg3 28. Qxc4 Nxe1 29.
fxg3 Qd2 30. Qc3 Qf2 31. Qc4 Nf3 32. Bg2 Qxg3 {0-1 (32) Gebhardt,U (2225)
-Chernov,V (2445) Baden 2012}) 13. Nd4 e3 $1 14. f3 Nxd4 15. Bxd4 c5 16. Bc3 a4
17. O-O Qe6 18. Rad1 Re8 19. f4 Qa6 20. f5 axb3 1/2-1/2

[Event "Cappelle op 36th"]
[Site "Cappelle la Grande"]
[Date "2020.02.25"]
[Round "5"]
[White "Shchekachev, Andrei"]
[Black "Bauer, Christian"]
[Result "0-1"]
[ECO "E33"]
[WhiteElo "2529"]
[BlackElo "2630"]
[Annotator "Primel,D"]
[PlyCount "70"]
[EventDate "2020.02.22"]
[EventType "swiss"]
[EventRounds "9"]
[EventCountry "FRA"]
[SourceTitle "CBM 195 Extra"]
[Source "ChessBase"]
[SourceDate "2020.05.31"]
[SourceVersion "1"]
[SourceVersionDate "2020.05.31"]
[SourceQuality "1"]
[TimeControl "40/5400+30:1800+30"]

1. Nf3 Nf6 2. c4 e6 3. Nc3 Bb4 4. Qc2 {[%emt 0:
07:24] La partie commence par une anglaise anti-Nimzo mais elle va ensuite
transposer dans une Nimzo-Indienne} O-O 5. a3 Bxc3 6. Qxc3 d6 7. d4 a5 {[%emt 0:01:13] Une ligne secondaire} 8. b3 (8. Bg5 Nbd7 9. e3) (8. b4 $143 axb4 9. axb4 Rxa1 10. Qxa1 $11) 8... Nc6 $1 {
[%emt 0:10:47][%csl Re1][%cal Ge6e5] Comme souvent dans cette variante Capa,
les Noirs ont une petite avance de développement et ils doivent essayer de
jouer activement avant que les Blancs n'aient le temps de terminer le
développement et de faire jouer la paire de B} 9. Bb2 (9. g3 Qe7 10. Bb2 Re8 11. Bg2 e5 $132 {Balparda,
J-Trompowsky,O Montevideo Casino Miramar de Carrasco 1938 (9) 0-1}) 9... Re8 10. Rd1 (10. e3 e5 11. dxe5 dxe5
12. Be2 (12. Rd1) 12... Bf5 $11 {Grachev,B (2583)-Grischuk,A (2710)
Grischuk-Grachev m blitz 2006 1/2} (12... Bg4)) 10... Qe7 11.
e3 e5 {[%emt 0:00:45] Comme dans la variante de Zurich, le
coup Nc6 visait à soutenir la poussée centrale e5 qui libère le Bc8} 12. d5 Nb8 13. Nd2 {[%emt 0:00:59] La préparation
des Blancs face à une partie jouée par l'adversaire l'année précédente à
Cappelle} (13. Be2 Bg4 (13... Nbd7) 14. O-O Nbd7 15. Rfe1 Nc5 16. Nd2 Bxe2 17.
Rxe2 c6 18. e4 cxd5 19. cxd5 Rec8 20. Qe3 b5 21. Rc1 Qb7 22. f3 Nfd7 23. Ree1
Qb6 24. Kh1 b4 25. Kg1 Qa6 {1/2-1/2 (25) Nikolov,M (2577)-Bauer,C (2647)
Cappelle-la-Grande 2019}) 13... c6 (13... Nbd7 14. Bd3 c6) 14.
dxc6 bxc6 15. Bd3 Nbd7 16. Ne4 Nxe4 $146 (16... d5
17. Nxf6+ Nxf6 18. O-O Bb7 19. Rfe1 Nd7 20. cxd5 cxd5 21. Qc7 Nf6 22. Bxe5 Qxe5
23. Qxb7 Qd6 24. Bb5 Reb8 25. Qc6 Qxa3 26. Ba4 Qb4 27. Rc1 h6 28. Qc3 Ne4 29.
Qd4 Rc8 30. g3 Nc3 31. Kg2 Rab8 32. h4 Kf8 33. h5 Qxd4 34. exd4 Nxa4 35. bxa4
Rc4 36. Rxc4 dxc4 37. Re5 Rc8 38. Re2 c3 39. Rc2 Rc4 40. Kf3 Rxa4 41. Rxc3 Rxd4
42. Rc7 a4 43. Ra7 Rb4 44. Kg2 g6 45. hxg6 fxg6 46. f4 {Kretov,E (2278)
-Kharitonov,A (2558) Voronezh 2014 1/2-1/2}) 17. Bxe4 Ra6 18. b4 $1 {[%emt 0:06:58] Les Noirs doivent jouer avec
précision car les Blancs menacent d'ouvrir le jeu pour la paire de B} Nf6 19. Bd3 axb4 20. axb4 Rb6 21. O-O Qb7
$1 {[%emt 0:05:50][%csl Rb4] Force Ba3 et le B est hors-jeu} 22. Ba3 Bg4 23. Rb1 (23. f3 $5 {Peut-être
un moindre mal}) 23... e4 $1 {[%emt 0:00:36] Gagne de l'espace avec tempo sur
le B} 24. Bc2 Qc8 $1 $15 {[%emt 0:03:47][%cal Gc8f5,Gf5g5,
Gg4f3,Gg5g1] Les pièces Noires commencent à viser l'aile-roi} 25. Rfe1 Re5 $1 $36 {[%emt 0:06:56][%csl Rg1,Rh2][%cal Gf5h5,Gc8g4,
Ge5g5] Les pièces Noires commencent à s'activer et la paire de B des Blancs
est inutile. Le K Blanc manque de défenseurs à l'aile-roi et il commence à
être sous pression} 26. Kh1 (26. Kf1 Rh5 27. h3 d5 (27...
Bxh3 $5 28. gxh3 Qxh3+ 29. Ke2 Qf3+ 30. Kd2 {[%cal Gd2c1,Gc1b2] Et le K doit
pouvoir se réfugier à l'aile-roi}) 28. hxg4 Qxg4 29. Kg1 Qh4
30. Kf1 Qg4 {Et les Noirs doivent probablement se contenter de la répétition
de coups}) 26... Bf3 $1 27. gxf3 Qh3 $40 28. Qxe5 $1 Qxf3+ $1 29. Kg1 dxe5 30. Rbd1 h5 31. Rd8+ Kh7 32. Bd1 Qh3 33. Rd6 Ne8 34. b5 $2 $138 Nxd6 35. Bxd6 c5 $1 {[%emt 0:00:46][%csl Rd6][%cal Gb6g6] La double attaque
gagne le B} 0-1